 Dungeon Crawl Stone Soup version 0.22-a0-160-gcc81d7a (webtiles) character file.

207 Borgoz the Skirmisher (level 5, -5/47 HPs)
             Began as a Hill Orc Abyssal Knight on Feb 10, 2018.
             Was a Believer of Lugonu.
             Killed by nerve-wracking pain
             ... invoked by an orc priest
              (7 damage)
             ... on level 3 of the Dungeon.
             The game lasted 00:06:41 (3949 turns).

Borgoz the Skirmisher (Hill Orc Abyssal Knight)     Turns: 3949, Time: 00:06:42

Health: -5/47      AC: 13    Str: 15    XL:     5   Next: 85%
Magic:  8/8        EV:  5    Int: 12    God:    Lugonu [**....]
Gold:   209        SH:  0    Dex: 11    Spells: 4/4 levels left

rFire    . . .     SeeInvis .   a - +1 hand axe
rCold    . . .     Gourm    .   (no shield)
rNeg     . . .     Faith    .   t - +1 plate armour {rPois}
rPois    +         Spirit   .   (no helmet)
rElec    .         Reflect  .   (no cloak)
rCorr    +         Harm     .   (no gloves)
MR       .....                  l - +0 pair of boots
Stlth    ..........             (no amulet)
HPRegen  0.15/turn              b - ring of wizardry
MPRegen  0.11/turn              h - ring of resist corrosion

@: slowed, very slow
A: no striking features
a: Depart the Abyss, Bend Space, Renounce Religion, Convert to Beogh


You were on level 3 of the Dungeon.
You worshipped Lugonu.
Lugonu was pleased with you.
You were not hungry.

You visited 1 branch of the dungeon, and saw 4 of its levels.
You visited the Abyss 1 time.

You collected 209 gold pieces.

Inventory:

Hand Weapons
 a - a +1 hand axe (weapon)
Armour
 k - a +0 buckler
 l - a +0 pair of boots (worn)
 r - a +0 scale mail
 t - a +1 plate armour of poison resistance (worn)
Jewellery
 b - a ring of wizardry (left hand)
 e - an uncursed ring of ice
 h - a ring of resist corrosion (right hand)
Scrolls
 n - a scroll of teleportation {unknown}
 p - 2 scrolls of remove curse
 s - a scroll of enchant armour {unknown}
Potions
 j - a potion of brilliance
 m - a potion of flight
 o - a potion of curing
Comestibles
 c - 6 rations
 f - 3 chunks of flesh


   Skills:
 + Level 4.6 Fighting
 + Level 4.2 Axes
 + Level 3.4 Armour
 + Level 2.0 Dodging
 + Level 4.0 Invocations


You had 4 spell levels left.
You didn't know any spells.

Dungeon Overview and Level Annotations

Branches:
Dungeon (4/15)
 Temple: D:4-7

Altars:
Cheibriados
Fedhas
Vehumet

Annotations:
D:4 Borgoz's ghost, novice HOAK


Message History

You hit the orc priest.
The orc priest hits you but does no damage.
The orc priest barely misses you.
You hit the orc priest but do no damage.
You barely miss the orc priest.
The orc priest miscasts a cantrip. x2
The orc priest hits you but does no damage.
You closely miss the orc priest.
You hit the orc priest but do no damage.
The orc priest hits you but does no damage.
The orc priest closely misses you.
The orc priest hits you but does no damage.
The orc priest hits you.
* * * LOW HITPOINT WARNING * * *
The orc priest threatens, "By the altar or by the axe, you will meet Beogh!"
You hit the orc priest but do no damage.
You hit the orc priest.
The orc priest calls down the wrath of Beogh upon you.
Pain shoots through your body!
You die...

.# #.# ####.####.#######. ## #.#
#.......#.# #.
#.########.......#.#######. #
#........#.......#......... ##
#..(..##.#....)..########.. ^##
#.###.##.#.)..>..# ##).. ..##
#..##.##[#.......## ##....
...####........#oo......####.....
...'..........?รท@[.........'.....
...####....########.#<..####.....
..## ##.#.# #.##.## ##.... )##
###.# #.#### ##... ## #.# #...#
##.. # #.# ##...###### ##+ #######
#.# #.........# #. ......# #.#
#.#.##....### #. #####.####.#
#.#.#...(...###.


You could see 2 orc priests.

Vanquished Creatures
  A scorpion (D:3)
  Jessica (D:2)
  Robin (D:2)
  3 adders
  2 oozes (D:3)
  An adder skeleton (D:4)
  2 dart slugs
  2 worms (D:2)
  2 leopard geckos
  3 orcs (D:3)
  7 bats
  2 giant cockroaches
  12 goblins (D:2)
  7 hobgoblins
  3 jackals (D:2)
  6 kobolds
  2 quokkas
  2 ball pythons
  3 frilled lizards
  4 rats
66 creatures vanquished.

Notes
Turn   | Place    | Note
-------+----------+-------------------------------------------
     0 | Abyss:1  | Borgoz the Hill Orc Abyssal Knight began the quest for the Orb.
     0 | Abyss:1  | Reached XP level 1. HP: 19/19 MP: 2/2
    53 | Abyss:1  | Noticed a raiju
    54 | D:1      | Escaped the Abyss
   252 | D:1      | Reached skill level 1 in Dodging
   252 | D:1      | Reached XP level 2. HP: 25/27 MP: 3/3
   311 | D:1      | Reached * piety under Lugonu
  1099 | D:2      | Reached XP level 3. HP: 33/33 MP: 5/5
  1356 | D:2      | Noticed Jessica
  1369 | D:2      | Noticed Robin
  1377 | D:2      | Killed Jessica
  1377 | D:2      | Reached XP level 4. HP: 15/40 MP: 6/6
  1387 | D:2      | Killed Robin
  2081 | D:2      | Reached ** piety under Lugonu
  2384 | D:2      | Found a blossoming altar of Fedhas.
  2886 | D:3      | Reached XP level 5. HP: 45/47 MP: 7/7
  3657 | D:4      | Noticed Borgoz's ghost (novice HOAK)
  3876 | D:4      | Found a radiant altar of Vehumet.
  3877 | D:4      | Found a snail-covered altar of Cheibriados.
  3948 | D:3      | HP: 2/47 [orc priest (3)]
  3949 | D:3      | Killed from afar by an orc priest

Vault maps used:
D:1:      dpeg_arrival_arbitrary_c
D:2:      fedhas_altar_4, uniq_jessica, uniq_robin
D:3:      first_ration, guppyfry_early_lair_pool
D:4:      grunt_temple_overflow_open, nicolae_tso_carved_into_rock

Skill      XL: |  1  2  3  4  5 |
---------------+----------------+-----
Dodging        | 1 2 |  2.0
Axes           | 3 4 |  4.2
Invocations    | 3 4 |  4.0
Fighting       | 4 |  4.6
Armour         | 3 |  3.4

Action                   |  1- 3 |  4- 6 || total
-------------------------+-------+-------++-------
Melee: Hand axe          |    75 |   177 ||   252
Invok: Depart the Abyss  |     1 |       ||     1
  Use: Potion            |     1 |     1 ||     2
       Scroll            |       |     6 ||     6
 Stab: Sleeping          |     1 |       ||     1
  Eat: Chunk             |     1 |     9 ||    10
Armor: Leather armour    |    24 |    19 ||    43
       Plate armour      |       |    63 ||    63
       Scale mail        |       |    16 ||    16
Dodge: Dodged            |    53 |    86 ||   139

Table legend:
 A = Spawn XP
 B = Non-spawn XP
 C = Spawn XP percentage of total XP
 D = Spawn monster count
 E = Non-spawn monster count
 F = Spawn count percentage of total count
 G = Total turns spent on level
                    A         B        C        D         E        F      G
               +---------+---------+-------+---------+---------+-------+---------
         Total |       0 |     297 |   0.0 |       0 |      66 |   0.0 |  3949
               +---------+---------+-------+---------+---------+-------+---------
           D:1 |       0 |      26 |   0.0 |       0 |      16 |   0.0 |   867
           D:2 |       0 |     129 |   0.0 |       0 |      32 |   0.0 |  1777
           D:3 |       0 |     137 |   0.0 |       0 |      17 |   0.0 |  1210
           D:4 |       0 |       5 |   0.0 |       0 |       1 |   0.0 |    41
               +---------+---------+-------+---------+---------+-------+---------
